[Event "26th Triest Festival 2024"]
[Site "Triest"]
[Date "2024.09.04"]
[Round "7.12"]
[White "Papadiamandis, Elliot"]
[Black "Kubik, Rafal"]
[Result "1/2-1/2"]
[ECO "B53"]
[WhiteElo "2329"]
[BlackElo "2164"]
[Annotator "TA"]
[PlyCount "139"]
[EventDate "2024.09.02"]
[EventType "swiss"]
[EventCountry "ITA"]
[SourceTitle "playchess.com"]
[Source "ChessBase"]
[SourceQuality "1"]
[TimeControl "5400+30"]

1. e4 c5 2. Nf3 d6 3. d4 cxd4 4. Qxd4 Nc6 5. Bb5 Bd7 6. Qd3 g6 {[%emt 0:02:03] seems to push 6...Nf6 aside.} 7. O-O {[%emt 1:31:56] B53: Sicilian: 2...d6: Lines with Qxd4.} Bg7 8. c4 Nf6 9. Nc3 O-O 10. Rd1 a6 11. Bxc6 Bxc6 12. Be3 Nd7 13. Nd4 Rc8 14. Rac1 Ne5 15. Qe2 Bd7 16. Nd5 $146 ({Predecessor:} 16. b3 Qa5 17. Nd5 Rfe8 18. b4 Qd8 19. Nb3 Ba4 20. Nb6 Bxb3 21. axb3 Rc6 22. c5 {1-0 Perez,M (2417)-Mazi,L (2340) Titled Tuesday intern op 13th Oct blitz 2020 (10)}) 16... e6 17. Nf4 $1 Qe7 18. b3 Nc6 19. Nf3 Ne5 20. Nxe5 Bxe5 21. Nd3 Bg7 22. Rc2 Bc6 23. Bf4 Bd4 24. Nb4 Bc5 25. Nxc6 Rxc6 26. Rcd2 f5 $2 (26... e5 $11 27. Bh6 Rb8) 27. e5 $1 $18 Rd8 (27... d5 $142 28. cxd5 exd5 29. Rxd5 Qe6) 28. exd6 $18 Bxd6 29. Qd3 (29. c5 Bc7) 29... Kf7 30. Bxd6 Rcxd6 31. Qxd6 Rxd6 32. Rxd6 Ke8 33. c5 e5 34. b4 e4 35. a4 (35. a3 $16) 35... e3 $14 36. Re1 f4 37. fxe3 fxe3 38. Rd3 e2 39. Kh1 (39. Kf2 Qh4+ 40. Kxe2 Kf8 $11) 39... Qe4 40. Rb3 (40. Rd2 Qxb4 41. Rdxe2+ (41. Rexe2+ Kf8 $11) 41... Kf8) 40... Kd7 41. Rb2 Qd4 42. Rbxe2 (42. Rexe2 $2 {gets mated.} Qd1+) 42... Qxb4 43. Re7+ Kc6 44. h3 Kxc5 45. Rc1+ Kd6 ({Black should try} 45... Kb6 $11 46. Rxh7 g5) 46. Rxh7 $14 b5 (46... g5 $14) 47. axb5 $16 axb5 48. Rf7 Qb2 {[%emt 0:01:22] [#]} ({Better is} 48... g5 $1 $14) 49. Rd1+ (49. Rff1 $1 $18) 49... Ke6 {[%emt 0:00:24] [#]} (49... Kc5 $16 {was called for.}) 50. Rf3 (50. Rff1 $1 $18) 50... b4 $16 51. Re1+ Kd5 52. Kh2 Qc2 53. Ree3 (53. Rfe3 $16) 53... Qc7+ $11 54. Kg1 Qc1+ 55. Kf2 Qc2+ 56. Kg3 Qc7+ 57. Kg4 Qc8+ 58. Kg5 Qd8+ 59. Kxg6 Qg8+ 60. Kf5 Qf7+ 61. Kg4 Qg6+ 62. Kf4 Qxg2 63. h4 Qg6 64. Rg3 Qf6+ 65. Kg4 Qg6+ 66. Kh3 Qf5+ 67. Kg2 Qc2+ 68. Kh3 Qf5+ 69. Kg2 Qc2+ 70. Kh3 1/2-1/2